 Dungeon Crawl Stone Soup version 0.27.1-2-g3b301248ec (webtiles) character file.

Game seed: 13379409614257644244

175 Descartes the Covert (level 5, 0/27 HPs)
             Began as a Spriggan Delver on Sept 24, 2021.
             Slain by a river rat (8 damage)
             ... summoned by Eustachio
             ... on level 4 of the Dungeon.
             The game lasted 00:02:35 (1242 turns).

Descartes the Covert (Spriggan Delver)              Turns: 1242, Time: 00:02:36

Health: 0/27       AC:  2    Str:  9    XL:     5   Next: 29%
Magic:  6/6        EV: 18    Int: 12    God:
Gold:   11         SH:  0    Dex: 16    Spells: 1/4 levels left

rFire    . . .     SeeInvis +   a - +0 short sword
rCold    . . .     Faith    .   (shield restricted)
rNeg     . . .     Spirit   .   b - +0 robe
rPois    .         Reflect  .   (helmet restricted)
rElec    .         Harm     .   (no cloak)
rCorr    .         Rampage  .   (gloves unavailable)
Will     .....                  (boots unavailable)
Stlth    ++++......             (no amulet)
HPRegen  0.09/turn              (no ring)
MPRegen  0.10/turn              (no ring)

@: very quick
A: very small, no large weapons, unfitting armour, see invisible, speed 3
a: no special abilities


You were on level 4 of the Dungeon.
You visited 2 branches of the dungeon, and saw 3 of its levels.

You collected 11 gold pieces.

Inventory:

Hand Weapons
 a - a +0 short sword (weapon)
Missiles
 h - 19 stones (quivered)
 i - 30 arrows
Armour
 b - a +0 robe (worn)
Wands
 g - a wand of digging (3)
Scrolls
 c - a scroll of fog
 d - a scroll of magic mapping
 e - a scroll of fear
Potions
 f - 2 potions of haste
 j - a potion of lignification {unknown}


   Skills:
 - Level 2.4 Fighting
 + Level 3.5 Short Blades
 + Level 4.3 Dodging
 * Level 9.3 Stealth


You had one spell level left.
You knew the following spells:

 Your Spells              Type           Power      Damage    Failure   Level
a - Ignite Poison         Fire/Tmut/Pois 0%         N/A       69%         3

Your spell library contained the following spells:

 Spells                   Type           Power      Damage    Failure   Level
 Conjure Flame            Conj/Fire      0%         6-21      69%         3
 Animate Dead             Necr           0%         N/A       97%         4
 Sticky Flame             Conj/Fire      0%         2d3       97%         4
 Borgnjor's Vile Clutch   Necr/Erth      0%         N/A       100%        5
 Death Channel            Necr           0%         N/A       100%        6


Dungeon Overview and Level Annotations

Branches:
Dungeon (5/15)             Temple (1/1) D:5

Altars:
Cheibriados
Elyvilon
Gozag
Hepliaklqana
Kikubaaqudgha
Nemelex Xobeh
Okawaru
Qazlal
Ru
Sif Muna
Trog
Wu Jian
Zin

Annotations:
D:4 Edmund, Eustachio


Innate Abilities, Weirdness & Mutations

You are very small and have problems with some larger weapons.
You are too small for most types of armour.
You have supernaturally acute eyesight. (SInv)
You cover ground extremely quickly. (Speed+++)


Message History

The hound skeleton is almost destroyed.
The hound skeleton closely misses you. x2
You hit the hound skeleton.
The hound skeleton is almost destroyed.
The hound skeleton closely misses you.
You hit the hound skeleton.
You destroy the hound skeleton!
No target in view!
Eustachio the Magnificent comes into view.
He is wielding a +0 rapier.
Unknown command.
Found a scroll labelled TIAWEN REIKK.
The helpless Eustachio fails to defend himself.
You impale Eustachio!!
Eustachio is severely wounded.
Eustachio hits you with a +0 rapier!
You hit Eustachio but do no damage.
Eustachio is severely wounded.
Eustachio casts a spell.
You hit Eustachio.
Eustachio is almost dead.
You hit Eustachio but do no damage.
Eustachio is almost dead.
Eustachio mumbles some strange words.
You closely miss Eustachio.
Eustachio is almost dead.
Eustachio barely misses you.
You barely miss Eustachio.
Eustachio is almost dead.
Eustachio misses you.
You barely miss Eustachio.
Eustachio is almost dead.
The river rat barely misses you.
Eustachio says, "My allies will avenge me."
Eustachio misses you. The river rat barely misses you.
You hit Eustachio.
Eustachio is almost dead.
The river rat completely misses you. Eustachio hits you with a +0 rapier!
* * * LOW HITPOINT WARNING * * *
The river rat bites you!
You die...

# . ### ..#############
..............#####.####
..###########...@rr....#
### #.........r@...#.#
.....#########?# #.#. ..
# # # #


You could see Eustachio, 2 river rats and a rat (summoned).

Vanquished Creatures
  A water moccasin (D:5)
  A jelly (D:4)
  Ijyb (D:4)
  A hound skeleton (D:4)
  A dart slug (D:5)
5 creatures vanquished.

Notes
Turn   | Place    | Note
-------+----------+-------------------------------------------
     0 | D:5      | Descartes the Spriggan Delver began the quest for the Orb.
     0 | D:5      | Reached XP level 1. HP: 11/11 MP: 2/2
    47 | D:5      | Noticed an ice beast
    78 | D:4      | Noticed Edmund
    78 | D:4      | Noticed Ijyb
    79 | D:4      | Killed Ijyb
    80 | D:4      | Reached XP level 2. HP: 16/16 MP: 3/3
   106 | D:5      | Found a staircase to the Ecumenical Temple.
   122 | Temple   | Entered the Ecumenical Temple
   401 | D:5      | Noticed a water moccasin
   403 | D:5      | Killed a water moccasin
   404 | D:5      | Reached skill level 9 in Stealth
   404 | D:5      | Reached XP level 3. HP: 19/19 MP: 4/4
   404 | D:5      | Reached XP level 4. HP: 23/23 MP: 5/5
   492 | D:5      | Learned a level 3 spell: Ignite Poison
   717 | D:5      | Noticed a scorpion
   880 | D:4      | Reached XP level 5. HP: 3/27 MP: 6/6
  1228 | D:4      | Noticed Eustachio
  1242 | D:4      | Slain by a river rat

Illustrated notes

Levels and vault maps discovered:
D:4:      layout_loops_ring, chequers_garden, uniq_edmund, uniq_blork_the_orc,
          uniq_ijyb, uniq_eustachio
D:5:      layout_loops_corners, minmay_temple_entry_offerings
Temple:   oiseaux_autumnal_temple

Skill      XL: |  1  2 |
---------------+-------+-----
Dodging        | 3 4 |  4.3
Short Blades   | 3 |  3.5
Stealth        | 9 |  9.3
Fighting       | |  2.4

Action                   |  1- 3 |  4- 6 || total
-------------------------+-------+-------++-------
Melee: Short sword       |     5 |    35 ||    40
 Stab: Sleeping          |     2 |     3 ||     5
Armor: Robe              |     1 |     1 ||     2
Dodge: Dodged            |     3 |    27 ||    30
